 Dungeon Crawl Stone Soup version 0.17-a0-1479-g4041c36 (webtiles) character file.

2494 nubinia the Gusty (level 9, -13/52 HPs)
             Began as a High Elf Air Elementalist on July 3, 2015.
             Was an Elder of Vehumet.
             Mangled by a wyvern (18 damage)
             ... on level 8 of the Dungeon.
             The game lasted 00:59:13 (8788 turns).

nubinia the Gusty (High Elf Air Elementalist)       Turns: 8788, Time: 00:59:13

Health: -13/52     AC:  4    Str:  7    XL:     9   Next: 28%
Magic:  2/21       EV: 14    Int: 22    God:    Vehumet [****..]
Gold:   310        SH:  0    Dex: 17    Spells: 7 memorised, 7 levels left

rFire  . . .     SeeInvis .     p - +0 dagger (curse)
rCold  . . .     Clarity  .     A - +1 robe {MR+}
rNeg   + . .     SustAt   .     (no shield)
rPois  .         Gourm    .     s - +0 helmet (curse)
rElec  .         Spirit   .     (no cloak)
rCorr  .         Warding  .     (no gloves)
rMut   .         Stasis   .     (no boots)
MR     +....                    j - amulet of faith
Stlth  +++.......               (no ring)
                                u - ring of positive energy

@: repel missiles, somewhat resistant to hostile enchantments, fairly stealthy
A: no striking features
a: Renounce Religion


You were on level 8 of the Dungeon.
You worshipped Vehumet.
Vehumet was greatly pleased with you.
You were not hungry.

You visited 1 branch of the dungeon, and saw 8 of its levels.

You collected 310 gold pieces.

Inventory:

Hand weapons
 e - a +0 dagger
 n - a +0 rapier
 p - a cursed +0 dagger (weapon)
 r - a +2 dagger of distortion
 B - a +2 long sword of freezing
 H - a +0 shortbow
 P - a cursed +1 short sword of protection
Missiles
 I - 66 arrows
Armour
 a - a +0 robe
 s - a cursed +0 helmet (worn)
 A - a +1 robe of magic resistance (worn)
Magical staves
 K - an uncursed staff of poison {unknown}
Jewellery
 j - an amulet of faith (around neck)
 l - an uncursed amulet of guardian spirit
 u - a ring of positive energy (left hand)
Magical devices
 o - a wand of draining (6)
 D - a wand of frost (22)
 M - a wand of draining (8)
Scrolls
 f - a scroll of recharging
 g - 4 scrolls of teleportation
 h - 5 scrolls of identify
 i - a scroll of fear
 k - a scroll of remove curse {unknown}
 m - a scroll of blinking
 t - a scroll of magic mapping
 x - a scroll of amnesia
 y - a scroll of noise {unknown}
 J - a scroll of enchant armour {unknown}
 L - a scroll of immolation
Potions
 q - a potion of heal wounds
 v - 2 potions of ambrosia
 z - 2 potions of degeneration
 E - a potion of agility
 F - a potion of invisibility
 G - a potion of brilliance
Books
 b - a book of Air

   Spells                             Type                      Level
   a - Shock                          Conjuration/Air              1
   b - Swiftness                      Charms/Air                   2
   c - Repel Missiles                 Charms/Air                   2
   d - Static Discharge               Conjuration/Air              3
   e - Lightning Bolt                 Conjuration/Air              5
 O - a book of Envenomations

   Spells                             Type                      Level
   a - Spider Form                    Transmutation/Poison         3
   b - Alistair's Intoxication        Transmutation/Poison         4
   c - Olgreb's Toxic Radiance        Poison                       4
   d - Poisonous Cloud                Conjuration/Poison/Air       6
Comestibles
 c - 5 bread rations
 d - a beef jerky
 w - 2 meat rations
 C - 3 slices of pizza
 N - 5 chunks of flesh


   Skills:
 + Level 0.4 Fighting
 + Level 0.8 Short Blades
 + Level 4.2 Dodging
 + Level 3.5 Stealth
 + Level 7.6 Spellcasting
 + Level 6.2 Conjurations
 + Level 3.0 Charms
 * Level 4.5 Ice Magic
 + Level 7.7 Air Magic


You had 7 spell levels left.
You knew the following spells:

 Your Spells              Type           Power        Failure   Level  Hunger
a - Shock                 Conj/Air       ####         1%          1    None
b - Repel Missiles        Chrm/Air       ####..       1%          2    None
c - Swiftness             Chrm/Air       ####....     1%          2    None
d - Static Discharge      Conj/Air       #####...     1%          3    None
e - Freeze                Ice            ####         1%          1    None
f - Throw Frost           Conj/Ice       ####..       1%          2    None
g - Lightning Bolt        Conj/Air       #####.....   4%          5    #####..


Dungeon Overview and Level Annotations

Branches:
Dungeon (8/15)             Temple (0/1) D:4
   Lair: D:8-11

Altars:
Fedhas
Gozag
Okawaru
Sif Muna
Trog
Vehumet
The Shining One

Shops:
D:6 !   D:8 !

Annotations:
D:2 Jessica
D:4 mrath's ghost, average TrHu
D:6 exclusion: water moccasin, nht's ghost, experienced OgFi


Message History

Press: ? - help, Shift-Dir - straight line, f/p - wyvern
Aim: a wyvern (severely wounded)
You hear a mighty clap of thunder!
The bolt of lightning misses the wyvern.
The bolt of lightning hits the orc.
You kill the orc!
Vehumet accepts your kill.
You feel your power returning.
You hear a shout! x2
You hear a bark!
You hear a shout!
You hear a shout!
The wyvern closely misses you.
Casting: Lightning Bolt
Confirm with . or Enter, or press ? or * to list all spells.
The wyvern is struck by lightning.
The wyvern is almost dead.
The lightning arcs!
You are struck by lightning.
* * * LOW HITPOINT WARNING * * *
The lightning grounds out.
The wyvern closely misses you. The wyvern bites you!!
You die...

........#...........
........#......s.............
........#...................#
............................#
.....................#.......
...##..[..##.........#.......
.........<...........#.....?.
.....................#.......
.....[......@l..)....[....!..
.............................
.............................
..........#.............)....
.........#.....)....####....
......###..........# ...z
.... #..........# ...
....###.###'###### ..
............#


You could see a wyvern and a scorpion.

Vanquished Creatures
  A hippogriff (D:7)
  An orc warrior (D:8)
  2 ice beasts
  4 ogres
  A centaur (D:6)
  A big kobold (D:7)
  3 scorpions
  2 crimson imps
  2 centaur zombies (D:8)
  12 wights
  3 giant frog skeletons
  7 orc wizards
  A giant frog zombie (D:5)
  3 orc priests
  A centaur skeleton (D:7)
  3 worker ants
  2 killer bee zombies
  A worker ant zombie (D:5)
  2 hound skeletons
  7 adders
  3 shadow imps
  An ooze (D:5)
  An adder zombie (D:6)
  7 worms
  3 adder skeletons
  6 giant geckos
  17 orcs
  4 ball pythons
  13 bats
  A bat skeleton (D:3)
  A bat zombie (D:7)
  4 giant cockroaches
  7 goblins
  10 hobgoblins
  13 kobolds
  3 quokkas
  A giant gecko skeleton (D:7)
  5 giant newts
  5 jackals (D:2)
  A jackal skeleton (D:6)
  27 rats
192 creatures vanquished.

Notes
Turn   | Place    | Note
--------------------------------------------------------------
     0 | D:1      | nubinia the High Elf Air Elementalist began the quest for the Orb.
     0 | D:1      | Reached XP level 1. HP: 11/11 MP: 4/4
   664 | D:1      | Reached XP level 2. HP: 17/17 MP: 4/6
   668 | D:1      | Learned a level 2 spell: Repel Missiles
   671 | D:1      | Learned a level 2 spell: Swiftness
   722 | D:1      | Reached skill level 4 in Air Magic
  1459 | D:2      | Reached XP level 3. HP: 21/21 MP: 5/8
  1706 | D:2      | Reached skill level 1 in Charms
  1769 | D:2      | Noticed Jessica
  2059 | D:2      | Reached XP level 4. HP: 9/27 MP: 1/9
  2559 | D:3      | Learned a level 3 spell: Static Discharge
  3748 | D:4      | Found a radiant altar of Vehumet.
  3776 | D:4      | Became a worshipper of Vehumet
  3815 | D:4      | Noticed mrath's ghost (average TrHu)
  3986 | D:4      | Reached XP level 5. HP: 31/31 MP: 6/10
  4026 | D:4      | Found an opulent altar of Gozag.
  4273 | D:4      | Found a staircase to the Ecumenical Temple.
  4537 | D:5      | Entered Level 5 of the Dungeon
  4560 | D:5      | Noticed a sky beast
  4579 | D:5      | Reached skill level 5 in Air Magic
  4579 | D:5      | Reached XP level 6. HP: 30/36 MP: 6/12
  4713 | D:5      | Acquired Vehumet's first power
  4713 | D:5      | Offered knowledge of Freeze by Vehumet.
  4721 | D:5      | Learned a level 1 spell: Freeze
  4920 | D:6      | Reached skill level 1 in Ice Magic
  5220 | D:6      | Found a deep blue altar of Sif Muna.
  5290 | D:6      | Reached XP level 7. HP: 41/41 MP: 10/14
  5353 | D:6      | Found a glowing golden altar of the Shining One.
  5383 | D:6      | Found a blossoming altar of Fedhas.
  5406 | D:6      | Found Qaegug's Distillery.
  5723 | D:5      | Offered knowledge of Sandblast by Vehumet.
  5735 | D:5      | Reached skill level 5 in Spellcasting
  6171 | D:6      | Noticed a water moccasin
  6340 | D:6      | Noticed a moth of wrath
  6343 | D:6      | Found a bloodstained altar of Trog.
  6756 | D:6      | Noticed nht's ghost (experienced OgFi)
  6794 | D:5      | Offered knowledge of Throw Frost by Vehumet.
  6794 | D:5      | Reached skill level 6 in Air Magic
  6794 | D:5      | Reached XP level 8. HP: 17/46 MP: 1/17
  6798 | D:5      | Learned a level 2 spell: Throw Frost
  7115 | D:7      | Acquired Vehumet's second power
  7315 | D:7      | Found an iron altar of Okawaru.
  7417 | D:7      | Learned a level 5 spell: Lightning Bolt
  7445 | D:7      | Reached skill level 5 in Conjurations
  7511 | D:7      | Offered knowledge of Ignite Poison by Vehumet.
  7514 | D:7      | Reached skill level 7 in Air Magic
  7959 | D:7      | Reached XP level 9. HP: 24/51 MP: 14/20
  8225 | D:8      | Acquired Vehumet's third power
  8419 | D:8      | Found Teadwigoss's Distillery.
  8446 | D:8      | Offered knowledge of Fulminant Prism by Vehumet.
  8788 | D:8      | Mangled by a wyvern

Vault maps used:
D:1:      onia_arrival_mini_maze, minivault_24, minmay_rat_gold_closets
D:2:      minmay_crystal_water, uniq_jessica
D:3:      grunt_decor_one_mirror
D:4:      vehumet_crystals, nicolae_overflow_crystal_walls,
          minmay_temple_entry_butterflies
D:5:      first_bread
D:6:      fedhas_bush_and_centaur_altar, tgw_trog, tso_oasis_becter,
          led_sif_pool, serial_shops, shop
D:7:      okawaru_trees_2, serial_glass, glass_columns_a, glass_columns_c,
          glass_columns_a, glass_columns_a, glass_columns_c
D:8:      nicolae_dithmenos_through_a_glass_darkly, serial_shops,
          nicolae_shop_crystal

Action                   |  1- 3 |  4- 6 |  7- 9 || total
-------------------------+-------+-------+-------++-------
Melee: Dagger            |    53 |    22 |    35 ||   110
       Rapier            |       |     6 |       ||     6
 Cast: Shock             |    77 |   146 |   262 ||   485
       Repel Missiles    |     1 |     1 |     2 ||     4
       Static Discharge  |       |       |    17 ||    17
       Swiftness         |       |       |     1 ||     1
       Lightning Bolt    |       |       |     3 ||     3
  Use: Scroll            |     1 |     6 |     5 ||    12
       Potion            |       |     1 |       ||     1
 Stab: Sleeping          |     4 |     1 |       ||     5
  Eat: Chunk             |     3 |    10 |    12 ||    25
